 Dungeon Crawl Stone Soup version 0.31-a0-1074-g0b22e4e0f1 (webtiles) character file.

Game seed: 10244179629343558866

1576 Jeffwins the Shooter (level 8, -1/60 HPs)
             Began as an Armataur Hunter on Nov 27, 2023.
             Was a Follower of Okawaru.
             Killed by divine providence
             ... invoked by an orc priest
              (11 damage)
             ... on level 5 of the Dungeon.
             The game lasted 00:08:56 (5222 turns).

Jeffwins the Shooter (Armataur Hunter)              Turns: 5222, Time: 00:08:57

Health: -1/60      AC:  6    Str: 16    XL:     8   Next: 60%
Magic:  10/10      EV: 10    Int: 12    God:    Okawaru [*.....]
Gold:   194        SH:  0    Dex: 14    Spells: 7/7 levels left

rFire   . . .        a - +0 shortbow
rCold   + . .        (shield currently unavailable)
rNeg    . . .        x - +2 robe {rC+}
rPois   .            (no helmet)
rElec   .            (no cloak)
rCorr   .            (no gloves)
SInv    .            (no barding)
Will    .....        (no amulet)
Stlth   ++           (no ring)
HPRegen 0.30/turn    (no ring)
MPRegen 0.12/turn

%: roll
@: no status effects
A: large, deformed body, tough skin 3, armoured tail, roll 2, long tongue
a: Renounce Religion, Heroism


You were on level 5 of the Dungeon.
You worshipped Okawaru.
Okawaru was aware of your devotion.
You visited 1 branch of the dungeon, and saw 5 of its levels.
You also visited: Sewer.

You collected 194 gold pieces.


Innate Abilities, Weirdness & Mutations

Armour fits poorly on your strangely shaped body.
You have extremely tough skin. (AC +3)
You have a long armoured tail.
You roll and regenerate health when moving toward enemies. (Rampage Heal)
Your long tongue fully drains potion bottles. (2x potion effects)


   Skills:
 - Level 1.7 Fighting
 * Level 7.4 Ranged Weapons
 - Level 1.3 Dodging
 - Level 2.0 Stealth
 + Level 3.4 Invocations
 + Level 4.6 Evocations


You had 7 spell levels left.
You didn't know any spells.
Your spell library contained the following spells:

 Spells                   Type           Power      Damage    Failure   Level
 Sandblast                Erth           0%         2d4       32%         1
 Passwall                 Tmut/Erth      0%         N/A       45%         2
 Stone Arrow              Conj/Erth      0%         3d7       69%         3
 Brom's Barrelling Bould  Conj/Erth      0%         2d3       97%         4
 Conjure Ball Lightning   Conj/Air       0%         3x3d6     100%        6
 Discord                  Hex            0%         N/A       100%        8
 Disjunction              Tloc           0%         N/A       100%        8

Inventory:

Hand Weapons
 a - a +0 shortbow (weapon)
 v - a +0 demon whip of draining
Missiles
 k - 4 poisoned darts
Armour
 x - a +2 robe of cold resistance (worn)
Magical Staves
 j - a staff of death
 l - a staff of conjuration {!a}
 t - a staff of cold
Jewellery
 F - a ring of fire
Talismans
 i - a granite talisman
 w - a beast talisman
Wands
 m - a wand of flame (13)
 o - a wand of light (4)
 s - a wand of paralysis (11)
Scrolls
 b - a scroll of butterflies
 d - a scroll of vulnerability {!r}
 e - 3 scrolls of identify {@r1}
 f - 2 scrolls of teleportation {unknown}
 g - 2 scrolls of torment {unknown}
 h - a scroll of poison {!r}
 r - a scroll of fear {unknown}
Potions
 n - 3 potions of curing {unknown}
 q - 3 potions of brilliance {unknown}
 u - a potion of magic {unknown}

Dungeon Overview and Level Annotations

Branches:
Dungeon (5/15)              Sewer (visited)
 Temple: D:4-7

Altars:
Okawaru
Wu Jian

# #.....##.#
####.####.#..
####.###[## #.##......
###......######....#.###
...####......).#####.#
##....#)######...###.#
#...#.#)##.......##..###
.........#..............
.................###....
......o@)........# #....
..(..............###....
.(.....................#
.................#####..
............)...........
..........).......######
............... #......
..............# .......
.......


You could see an orc priest.


Message History

The orc priest is lightly wounded.
Fire: a) +0 shortbow
Press: ? - help, Q - select action, (/) - cycle Shift-Dir - straight line, f/p - orc priest
Aim: an orc priest, wielding a +0 club (moderately wounded, poisoned, 62% to hit)
You shoot an arrow. The arrow barely misses the orc priest.
The orc priest casts a cantrip, but nothing happens.
You shoot an arrow. The arrow hits the orc priest.
The orc priest is moderately wounded.
You shoot an arrow. The arrow hits the orc priest.
The orc priest is severely wounded.
The orc priest looks more healthy.
The orc priest mumbles some strange prayers to Beogh against you.
Pain shoots through your body!
* * * LOW HITPOINT WARNING * * *
You are too injured to fight recklessly!
You are too injured to fight recklessly!
You are too injured to fight recklessly!
Unknown command.
You shoot an arrow.
The arrow closely misses the orc priest.
The orc priest mumbles some strange prayers to Beogh against you.
Beogh smites you!
* * * LOW HITPOINT WARNING * * *
Unknown command.
You shoot an arrow.
The arrow hits the orc priest but does no damage.
The orc priest is almost dead.
The orc priest mumbles some strange prayers to Beogh against you.
Beogh smites you!
You die...

Skill      XL: |  1  2  3  4  5  6  7  8 |
---------------+-------------------------+-----
Ranged Weapons | 3 4 5 6 7 |  7.4
Stealth        | 2 |  2.0
Evocations     | 2 3 4 |  4.6
Invocations    | 2 3 |  3.4
Fighting       | |  1.7
Dodging        | |  1.3

Action                     |  1- 3 |  4- 6 |  7- 9 || total
---------------------------+-------+-------+-------++-------
   Fire: Shortbow          |   134 |   142 |   313 ||   589
  Throw: Dart              |       |     6 |     6 ||    12
  Evoke: Wand              |       |     6 |    24 ||    30
    Use: Scroll            |       |     4 |       ||     4
 Armour: Leather armour    |    48 |    61 |   107 ||   216
         Robe              |       |       |     7 ||     7
  Dodge: Dodged            |    50 |    43 |    80 ||   173

Levels and vault maps discovered:
D:1:      dpeg_arrival_round_c, layout_basic, chequers_ecumenical_altar_lobes,
          minmay_distorted
D:2:      layout_basic
D:3:      layout_basic, old_standard_altar, nicolae_overflow_hidden_temple,
          st_stairs_14, hangedman_abyss_or_decor_stabs, uniq_sigmund
D:4:      layout_basic, serial_curves, eino_curves_03, eino_curves_02,
          eino_curves_02, cheibrodos_sewer_entry_sluice
D:5:      layout_rooms, uniq_ijyb, uniq_duvessa, uniq_grinder, uniq_edmund

Notes
Turn   | Place    | Note
-------+----------+-------------------------------------------
     0 | D:1      | Jeffwins the Armataur Hunter began the quest for the Orb.
     0 | D:1      | Reached XP level 1. HP: 17/17 MP: 1/1
    48 | D:1      | Reached skill level 3 in Ranged Weapons
    93 | D:1      | Reached XP level 2. HP: 22/24 MP: 2/2
   120 | D:1      | Found a faded altar of an unknown god.
   250 | D:1      | Reached skill level 2 in Stealth
   475 | D:1      | Reached XP level 3. HP: 29/29 MP: 3/3
  1253 | D:2      | Reached skill level 4 in Ranged Weapons
  1253 | D:2      | Reached XP level 4. HP: 25/36 MP: 4/4
  2069 | D:3      | Noticed Sigmund
  2087 | D:3      | Killed Sigmund
  2088 | D:3      | Reached skill level 5 in Ranged Weapons
  2088 | D:3      | Reached XP level 5. HP: 18/41 MP: 5/5
  2219 | D:3      | Found an ornate altar of the Wu Jian Council.
  2230 | D:3      | Reached XP level 6. HP: 30/48 MP: 6/6
  2239 | D:3      | Reached skill level 1 in Evocations
  2661 | D:3      | Found an iron altar of Okawaru.
  2789 | D:4      | Found a glowing drain.
  2956 | D:4      | Reached skill level 2 in Evocations
  2962 | D:4      | Reached skill level 6 in Ranged Weapons
  2964 | D:4      | Gained mutation: You roll and regenerate health when moving
                  | toward enemies. (Rampage Heal) [Armataur growth]
  2964 | D:4      | Reached XP level 7. HP: 12/53 MP: 7/7
  3057 | D:3      | Became a worshipper of Warmaster Okawaru
  3091 | Sewer    | Entered a sewer
  3415 | Sewer    | Reached skill level 1 in Invocations
  3415 | Sewer    | Reached skill level 3 in Evocations
  4561 | D:5      | Entered Level 5 of the Dungeon
  4702 | D:5      | Noticed Ijyb
  4713 | D:5      | Paralysed by Ijyb for 2 turns
  4728 | D:5      | Killed Ijyb
  4729 | D:5      | Reached skill level 2 in Invocations
  4729 | D:5      | Reached XP level 8. HP: 26/60 MP: 9/9
  4981 | D:5      | Noticed Grinder
  4982 | D:5      | Paralysed by Grinder for 3 turns
  4990 | D:5      | Killed Grinder
  4991 | D:5      | Reached skill level 7 in Ranged Weapons
  4991 | D:5      | Reached skill level 4 in Evocations
  5061 | D:5      | Noticed Edmund
  5076 | D:5      | Killed Edmund
  5076 | D:5      | Reached * piety under Okawaru
  5108 | D:5      | Noticed Dowan
  5129 | D:5      | Killed Dowan
  5130 | D:5      | Reached skill level 3 in Invocations
  5203 | D:5      | Noticed Duvessa
  5211 | D:5      | Killed Duvessa
  5222 | D:5      | Killed from afar by an orc priest

Vanquished Creatures
  Grinder (D:5)
  Sigmund (D:3)
  Edmund (D:5)
  Duvessa (D:5)
  2 bullfrogs (Sewer)
  A scorpion (D:4)
  Dowan (D:5)
  5 killer bees (D:4)
  A jelly (D:4)
  2 orc priests (D:5)
  An iguana (D:5)
  4 orc wizards
  Ijyb (D:5)
  11 adders
  A river rat (D:4)
  2 white imps (D:5)
  A worm (D:2)
  3 dart slugs (D:1)
  11 orcs
  9 bats
  16 endoplasms
  18 giant cockroaches
  9 goblins
  11 hobgoblins
  3 jackals (D:1)
  10 quokkas
  16 ball pythons
  10 frilled lizards
  6 kobolds
  6 rats
165 creatures vanquished.

Table legend: (Time is in decaauts)
 A = Elapsed time spent in this place.
 B = Non-inter-level travel time spent in this place.
 C = Inter-level travel time spent in this place.
 D = Time resting spent in this place.
 E = Time spent auto-exploring this place.
 F = Levels seen in this place.
 G = Mean time per level.
                   A        B        C        D        E       F      G
               +--------+--------+--------+--------+--------+-----+--------+
         Total |   5306 |   5187 |    119 |    118 |   3904 |   6 |  884.3 |
       Dungeon |   4807 |   4688 |    119 |    118 |   3574 |   5 |  961.4 |
         Sewer |    499 |    499 |      0 |      0 |    330 |   1 |  499.0 |
               +--------+--------+--------+--------+--------+-----+--------+

Top non-repeatable levels by time:
     D:4: 1273 daAuts
     D:2: 1007 daAuts
     D:1: 1005 daAuts
     D:3: 849 daAuts
     D:5: 671 daAuts
   Sewer: 499 daAuts

Table legend:
 A = Non-vault XP
 B = Vault XP
 C = Vault XP percentage of total XP
 D = Non-vault monster count
 E = Vault monster count
 F = Vault count percentage of total count
                 A         B        C        D         E       F
            +---------+---------+-------+---------+---------+-------
      Total |    1017 |    1235 |  54.8 |     109 |      56 |  33.9
            +---------+---------+-------+---------+---------+-------
        D:1 |      57 |       2 |   3.4 |      29 |       1 |   3.3
        D:2 |      46 |       0 |   0.0 |      13 |       0 |   0.0
        D:3 |     165 |     237 |  59.0 |      22 |       4 |  15.4
        D:4 |     514 |      18 |   3.4 |      29 |       4 |  12.1
        D:5 |     235 |     702 |  74.9 |      16 |       5 |  23.8
      Sewer |       0 |     276 | 100.0 |       0 |      42 | 100.0
            +---------+---------+-------+---------+---------+-------
